 Dungeon Crawl Stone Soup version 0.17-a0-1139-g49cbdf8 (webtiles) character file.

74 Herrn the Ducker (level 4, 0/29 HPs)
             Began as a High Elf Fire Elementalist on May 26, 2015.
             Succumbed to Ijyb's poison
             ... on level 1 of the Dungeon.
             The game lasted 00:05:21 (1759 turns).

Herrn the Ducker (High Elf Fire Elementalist)       Turns: 1759, Time: 00:05:22

Health: 0/29       AC:  3    Str:  7    XL:     4   Next: 9%
Magic:  2/8        EV: 14    Int: 18    God:
Gold:   134        SH:  0    Dex: 17    Spells: 1 memorised, 6 levels left

rFire  x . .     SeeInvis .     l - +0 dagger
rCold  + . .     Clarity  .     a - +0 robe
rNeg   . . .     SustAt   .     (no shield)
rPois  .         Gourm    .     e - +0 helmet
rElec  .         Spirit   .     (no cloak)
rCorr  .         Warding  .     (no gloves)
rMut   .         Stasis   .     (no boots)
MR     .....                    (no amulet)
Stlth  ++........               (no ring)
                                k - ring of ice

@: lethally poisoned (0 -> -16), very slightly contaminated, not resistant to
hostile enchantments, unstealthy
A: no striking features
a: no special abilities


You were on level 1 of the Dungeon.
You were not hungry.

You visited 1 branch of the dungeon, and saw 2 of its levels.

You collected 134 gold pieces.

Inventory:

Hand weapons
 l - a +0 dagger (weapon)
Armour
 a - a +0 robe (worn)
 e - a +0 helmet (worn)
Jewellery
 k - a ring of ice (left hand)
Scrolls
 d - 2 scrolls of identify {unknown}
 f - a scroll of fear {unknown}
 i - 2 scrolls of magic mapping {unknown}
 j - a scroll of recharging {unknown}
 n - a scroll of remove curse {unknown}
Books
 b - a book of Flames

   Spells                             Type                      Level
   a - Flame Tongue                   Conjuration/Fire             1
   b - Throw Flame                    Conjuration/Fire             2
   c - Conjure Flame                  Conjuration/Fire             3
   d - Inner Flame                    Hexes/Fire                   3
   e - Sticky Flame                   Conjuration/Fire             4
   f - Fireball                       Conjuration/Fire             5
Comestibles
 c - a bread ration
 g - 2 slices of pizza
 h - a meat ration
 m - 2 chunks of flesh


   Skills:
 * Level 1.8 Fighting
 * Level 0.2 Short Blades
 * Level 1.0 Armour
 + Level 3.2 Dodging
 - Level 2.1 Stealth
 - Level 2.4 Spellcasting
 + Level 2.1 Conjurations
 - Level 3.0 Fire Magic


You had 6 spell levels left.
You knew the following spells:

 Your Spells              Type           Power        Failure   Level  Hunger
a - Flame Tongue          Conj/Fire      #....        8%          1    #......


Dungeon Overview and Level Annotations

Branches:
Dungeon (2/15)

Altars:

Annotations:
D:1 Ijyb


Message History

* * * LOW HITPOINT WARNING * * *
You feel sick.
There is a stone staircase leading down here.
* * * LOW HITPOINT WARNING * * *
You feel sick. The quokka barely misses you.
* * * LOW HITPOINT WARNING * * *
You feel sick.
* * * LOW HITPOINT WARNING * * *
You feel sick.
* * * LOW HITPOINT WARNING * * *
You feel sick.
The quokka twitches its whiskers.
* * * LOW HITPOINT WARNING * * *
You feel sick. Ijyb hits you but does no damage.
You are more poisoned.
* * * LOW HITPOINT WARNING * * *
You feel sick.
* * * LOW HITPOINT WARNING * * *
You feel sick.
You die...

#####
#...############
#...............
####...######....##
#.....##..>........
#.@.g.r.......###.#
#####.######รท######
#.# #.....# #.# #.#
#.###.### #.# #.#
#.#.....# #.# ###.#
#.#.#.#.####.# #....
#.#..........# #.#.#
#...###.##.### #.#.#
##......##.# #.#..


You could see Ijyb and a quokka.

Vanquished Creatures
  3 adders (D:2)
  An ooze (D:1)
  3 giant geckos (D:1)
  5 bats
  6 hobgoblins (D:1)
  3 jackals (D:2)
  3 giant cockroaches (D:1)
  2 giant newts
  3 goblins (D:1)
  5 kobolds
  5 rats
39 creatures vanquished.

Notes
Turn   | Place    | Note
--------------------------------------------------------------
     0 | D:1      | Herrn the High Elf Fire Elementalist began the quest for the Orb.
     0 | D:1      | Reached XP level 1. HP: 11/11 MP: 4/4
   197 | D:1      | Reached XP level 2. HP: 9/18 MP: 0/6
   433 | D:1      | Reached skill level 1 in Fighting
   868 | D:1      | Reached XP level 3. HP: 20/23 MP: 0/7
  1363 | D:2      | Reached skill level 1 in Armour
  1625 | D:2      | Reached XP level 4. HP: 22/29 MP: 3/8
  1719 | D:2      | Noticed Ijyb
  1758 | D:1      | HP: 1/29 [poisoned by Ijyb]
  1759 | D:1      | Succumbed to Ijyb's poison

Vault maps used:
D:1:      onia_arrival_pentagram
D:2:      uniq_iyjb

Action                   |  1- 3 |  4- 6 || total
-------------------------+-------+-------++-------
Melee: Unarmed           |     6 |       ||     6
       Dagger            |     1 |     1 ||     2
 Cast: Flame Tongue      |    84 |    11 ||    95
  Use: Potion            |       |     1 ||     1
  Eat: Chunk             |     2 |     1 ||     3
